 Dungeon Crawl Stone Soup version 0.28.0-53-g5a82cb258f (webtiles) character file.

Game seed: 16153855157757946613

53 Cykl0x the Digger (level 3, -2/19 HPs)
             Began as a Gargoyle Earth Elementalist on June 2, 2022.
             Slain by a worm (5 damage)
             ... on level 2 of the Dungeon.
             The game lasted 00:02:24 (1719 turns).

Cykl0x the Digger (Gargoyle Earth Elementalist)     Turns: 1719, Time: 00:02:24

Health: -2/19      AC:  7    Str: 11    XL:     3   Next: 89%
Magic:  0/6        EV: 12    Int: 17    God:
Gold:   16         SH:  0    Dex: 10    Spells: 3/7 levels left

rFire   . . .      SeeInvis .   i - +0 club
rCold   . . .      Faith    .   (no shield)
rNeg    + . .      Spirit   .   b - +0 robe
rPois   ∞          Reflect  .   e - +0 helmet
rElec   +          Harm     .   (no cloak)
rCorr   .          Rampage  .   (no gloves)
Will    .....                   d - +0 pair of boots
Stlth   ++........              (no amulet)
HPRegen 0.06/turn               (no ring)
MPRegen 0.10/turn               (no ring)

@: no status effects
A: sickness immunity, AC +3, negative energy resistance 1, electricity
resistance, torment resistance 1, petrification resistance
a: no special abilities


You were on level 2 of the Dungeon.
You visited 1 branch of the dungeon, and saw 2 of its levels.

You collected 16 gold pieces.

Inventory:

Hand Weapons
 i - a +0 club (weapon)
Missiles
 c - 72 stones
Armour
 b - a +0 robe (worn)
 d - a +0 pair of boots (worn)
 e - a +0 helmet (worn)
Scrolls
 a - a scroll of silence {unknown}
 f - a scroll of blinking {unknown}
 h - a scroll of identify
Potions
 g - a potion of mutation
 j - a potion of curing {unknown}


   Skills:
 + Level 1.9 Dodging
 - Level 2.1 Stealth
 + Level 2.5 Spellcasting
 * Level 1.2 Conjurations
 - Level 0.7 Transmutations
 + Level 4.5 Earth Magic


You had 3 spell levels left.
You knew the following spells:

 Your Spells              Type           Power      Damage    Failure   Level
a - Sandblast             Erth           34%        2d9       2%          1
b - Stone Arrow           Conj/Erth      24%        3d8       17%         3

Your spell library contained the following spells:

 Spells                   Type           Power      Damage    Failure   Level
 Passwall                 Tmut/Erth      9%         N/A       10%         2
 Dazzling Flash           Conj/Hex       8%         N/A       38%         3
 Petrify                  Tmut/Erth      11%        N/A       52%         4
 Agony                    Necr           2%         N/A       99%         5
 Silence                  Hex/Air        1%         N/A       99%         5


Dungeon Overview and Level Annotations

Branches:
Dungeon (2/15)

Altars:

Shops:
D:1 =


Innate Abilities, Weirdness & Mutations

You are immune to sickness and miasma.
Your stone body is resilient. (AC +3)
You are immune to poison.
You resist negative energy. (rN+)
You are resistant to electric shocks. (rElec)
You are resistant to unholy torment.
You are immune to petrification.


Message History

Unknown command.
You are too depleted to draw on your mana recklessly!
A kobold comes into view. It is wielding a +0 short sword.
You see here a hobgoblin corpse.
You hit the worm.
The worm is lightly wounded.
The worm barely misses you.
You hit the worm.
The worm is lightly wounded.
The kobold shouts!
The worm closely misses you.
You hit the worm.
The worm is lightly wounded.
The worm barely misses you.
You hit the worm.
The worm is moderately wounded.
The worm bites you.
You hit the worm.
The worm is moderately wounded.
Your magical contamination has completely faded away.
You hit the worm.
The worm is moderately wounded.
The worm bites you but does no damage.
The blast of sand hits the worm.
The worm is heavily wounded.
The kobold hits you but does no damage. The worm barely misses you.
You are too depleted to draw on your mana recklessly!
You hit the worm.
The worm is heavily wounded.
The kobold hits you with a +0 short sword.
The worm bites you!
* * * LOW HITPOINT WARNING * * *
The kobold hits you but does no damage.
You hit the worm.
The worm is severely wounded.
The kobold misses you.
You hit the worm.
The worm is almost dead.
The worm bites you.
You die...

#b# ######## #.......
###....... #####
.......... #...
###.......
##########.........
##K.................
#.w@?..#.....#####..
......###........##.##..
...........#..##.#..P#..
....#####........##.##..
... ######...#####.. ..
#...##..... .
#.......... #....##....
#....##....


You could see a worm and a kobold.

Vanquished Creatures
  A gnoll (D:1)
  An adder (D:2)
  2 worms (D:2)
  A dart slug (D:1)
  A ball python (D:1)
  An endoplasm (D:1)
  A giant cockroach (D:1)
  2 goblins (D:1)
  7 hobgoblins
  2 kobolds (D:1)
  A quokka (D:2)
  4 bats (D:1)
  2 frilled lizards (D:1)
26 creatures vanquished.

Notes
Turn   | Place    | Note
-------+----------+-------------------------------------------
     0 | D:1      | Cykl0x the Gargoyle Earth Elementalist began the quest for
                  | the Orb.
     0 | D:1      | Reached XP level 1. HP: 10/10 MP: 3/3
   160 | D:1      | Reached XP level 2. HP: 15/15 MP: 0/5
   235 | D:1      | Reached skill level 4 in Earth Magic
   528 | D:1      | Reached skill level 1 in Conjurations
   695 | D:1      | Reached XP level 3. HP: 19/19 MP: 2/6
   699 | D:1      | Learned a level 3 spell: Stone Arrow
   950 | D:1      | Found Jiexkac's Jewellery Boutique.
  1719 | D:2      | Slain by a worm

Illustrated notes

Levels and vault maps discovered:
D:1:      dpeg_arrival_arbitrary_a, layout_basic, serial_shops,
          nicolae_shop_waterfront
D:2:      layout_rooms, serial_aquarium, aquarium_bridge_straight
          [aquarium_subvault_bridge, aquarium_subvault_window,
          aquarium_subvault_bridge, aquarium_subvault_window],
          aquarium_window_fake, aquarium_window_fake, aquarium_window_1,
          aquarium_view_2b, aquarium_view_2c, aquarium_balcony_double_1,
          shapermc_ecumenical_altar_mp_highgroup, minmay_misc_feat_enclosed,
          st_stairs_12

Skill      XL: |  1  2 |
---------------+-------+-----
Earth Magic    | 4 |  4.5
Conjurations   | 1 |  1.2
Dodging        | |  1.9
Stealth        | |  2.1
Spellcasting   | |  2.5
Transmutations | |  0.7

Action                   || total
-------------------------++-------
Melee: Unarmed           ||     1
       Club              ||    16
 Cast: Sandblast         ||    37
       Stone Arrow       ||     7
  Use: Scroll            ||     3
Armor: Robe              ||    11
Dodge: Dodged            ||    23
